 Dungeon Crawl Stone Soup version 0.30-a0-739-gea05faddec (webtiles) character file.

Game seed: 12273105772061240855

58 ASSMAN the Grave Robber (level 3, 0/24 HPs)
             Began as a Demonspawn Necromancer on Feb 5, 2023.
             Slain by Sigmund
             ... wielding a +0 scythe of venom
              (1 damage)
             ... on level 2 of the Dungeon.
             The game lasted 00:02:35 (1688 turns).

ASSMAN the Grave Robber (Demonspawn Necromancer)    Turns: 1688, Time: 00:02:35

Health: 0/24       AC:  2    Str:  8    XL:     3   Next: 75%
Magic:  6/6        EV: 12    Int: 18    God:
Gold:   83         SH:  0    Dex: 13    Spells: 5/6 levels left

rFire   . . .      SeeInvis .    g - +2 short sword (venom)
rCold   . . .      Faith    .    (no shield)
rNeg    . . .      Spirit   .    a - +0 robe
rPois   .          Reflect  .    (no helmet)
rElec   .          Harm     .    (no cloak)
rCorr   .          Rampage  .    (no gloves)
Will    .....                    (no boots)
Stlth   +                        (no amulet)
HPRegen 0.24/turn                (no ring)
MPRegen 0.10/turn                (no ring)

@: confused, lethally poisoned (0 -> -11), attractive
A: hooves 1
a: no special abilities


You were on level 2 of the Dungeon.
You visited 1 branch of the dungeon, and saw 2 of its levels.

You collected 83 gold pieces.

Inventory:

Hand Weapons
 g - a +2 short sword of venom (weapon)
Missiles
 c - 3 poisoned darts
Armour
 a - a +0 robe (worn)
Scrolls
 e - 2 scrolls of teleportation {unknown}
 f - a scroll of identify {unknown}
 j - a scroll of fog {unknown}
Potions
 b - a potion of magic


   Skills:
 - Level 1.7 Dodging
 - Level 1.7 Stealth
 - Level 2.0 Spellcasting
 + Level 6.0 Necromancy


You had 5 spell levels left.
You knew the following spells:

 Your Spells              Type           Power      Damage    Failure   Level
a - Necrotise             Necr           92%        1d8       1%          1

Your spell library contained the following spells:

 Spells                   Type           Power      Damage    Failure   Level
 Vampiric Draining        Necr           23%        2d7       4%          3
 Animate Dead             Necr           23%        N/A       16%         4
 Magic Dart               Conj           4%         1d3       19%         1
 Call Imp                 Summ           1%         N/A       26%         2
 Agony                    Necr           23%        N/A       38%         5
 Mephitic Cloud           Conj/Pois/Air  1%         N/A       47%         3
 Portal Projectile        Hex/Tloc       2%         N/A       47%         3
 Tukima's Dance           Hex            1%         N/A       47%         3
 Blade Hands              Tmut           0%         N/A       99%         5


Dungeon Overview and Level Annotations

Branches:
Dungeon (2/15)

Altars:

Annotations:
D:2 Sigmund


Innate Abilities, Weirdness & Mutations

You have large cloven feet.


Message History

You are too injured to fight recklessly!
You are too injured to fight recklessly!
There is a lethal amount of poison in your body!
You are too injured to fight recklessly!
There is a lethal amount of poison in your body!
You are too injured to fight recklessly!
Sorry, you're not good enough to have a special ability.
Unknown command.
Casting: Necrotise (safe; 1% risk of failure)
Confirm with . or Enter, or press ? or * to list all spells.
Okay, then.
It was a potion of cancellation.
You feel magically purged.
* * * LOW HITPOINT WARNING * * *
You feel very sick.
It was a potion of attraction.
You feel attractive to monsters.
* * * LOW HITPOINT WARNING * * *
You feel very sick. Sigmund misses you.
It was a potion of curing.
You feel better. Sigmund casts a spell at you.
You are confused.
Okay, then.
You are too confused!
You hit Sigmund.
Sigmund is poisoned.
Sigmund is moderately wounded.
Sigmund gestures wildly while chanting.
Sigmund flickers and vanishes!
Deactivating autopickup; reactivate with Ctrl-A.
You bump into the rock wall.
Something hits you.
You are lethally poisoned!
* * * LOW HITPOINT WARNING * * *
You feel very sick.
You're too confused to move!
* * * LOW HITPOINT WARNING * * *
You feel sick. Something hits you.
* * * LOW HITPOINT WARNING * * *
You are more poisoned.
Something hits you.
You die...

#.....####..#.##.#......###..
#..... ##.#.# #.....## #..
#...## #...### #.. #....
#.#### ##. #############
##..####....#### #.
.............
......#.......####
###.........####..#
#.........##
'<#...............#
#..........#
###..######.###.@.#
#.###)####..
#.............#.{.# #.#
#...##.. #.#..######.#.#....#
#.# #....#.. #.#..#
#.#.#.##(..#. #....#.. #.#..#
#.#.#.##.#.# #....... #.#..#
#.#.#.##.#.# ######.. #.#..#
#.#.#.##.#.# #.. .....#
#.#.#.##.#.# ..####.. #....#
#.#.#.##.#.# ........


There were no monsters in sight!

Vanquished Creatures
  An adder (D:2)
  A worm (D:2)
  A dart slug (D:1)
  An orc (D:2)
  4 bats
  5 endoplasms
  A giant cockroach (D:2)
  2 goblins
  6 hobgoblins
  A jackal (D:2)
  4 kobolds
  3 quokkas
  4 ball pythons
  2 rats (D:1)
36 creatures vanquished.

Notes
Turn   | Place    | Note
-------+----------+-------------------------------------------
     0 | D:1      | ASSMAN the Demonspawn Necromancer began the quest for the
                  | Orb.
     0 | D:1      | Reached XP level 1. HP: 13/13 MP: 3/3
   314 | D:1      | Gained mutation: You have large cloven feet. [demonic
                  | ancestry]
   314 | D:1      | Reached XP level 2. HP: 19/19 MP: 0/5
   398 | D:1      | Reached skill level 5 in Necromancy
   828 | D:1      | You fall into a shaft and drop 1 floor!
   904 | D:2      | Reached XP level 3. HP: 24/24 MP: 2/6
  1211 | D:2      | Reached skill level 6 in Necromancy
  1536 | D:2      | Found a faded altar of an unknown god.
  1678 | D:2      | Noticed Sigmund
  1687 | D:2      | HP: 1/24 [something (3)]
  1688 | D:2      | Slain by Sigmund

Illustrated notes

Levels and vault maps discovered:
D:1:      elethiomel_arrival_quiet, layout_basic, serial_bayou_crossing
D:2:      minmay_recursive_quarters, layout_basic,
          shapermc_ecumenical_altar_pompeii, uniq_sigmund

Skill      XL: |  1  2  3 |
---------------+----------+-----
Necromancy     | 5 6 |  6.0
Dodging        | |  1.7
Stealth        | |  1.7
Spellcasting   | |  2.0

Action                     || total
---------------------------++-------
  Melee: Unarmed           ||     7
         Kick              ||    10
         Short sword       ||    33
   Cast: Necrotise         ||    41
    Use: Potion            ||     3
 Armour: Robe              ||     7
  Dodge: Dodged            ||    29

Table legend: (Time is in decaauts)
 A = Elapsed time spent in this place.
 B = Non-inter-level travel time spent in this place.
 C = Inter-level travel time spent in this place.
 D = Time resting spent in this place.
 E = Time spent auto-exploring this place.
 F = Levels seen in this place.
 G = Mean time per level.
                   A        B        C        D        E       F      G
               +--------+--------+--------+--------+--------+-----+--------+
         Total |   1687 |   1687 |      0 |     84 |   1399 |   2 |  843.5 |
       Dungeon |   1687 |   1687 |      0 |     84 |   1399 |   2 |  843.5 |
               +--------+--------+--------+--------+--------+-----+--------+

Top non-repeatable levels by time:
     D:2: 859 daAuts
     D:1: 828 daAuts
